 Dungeon Crawl Stone Soup version 0.30-a0-1075-gcd70e7a56d (webtiles) character file.

Game seed: 451654870190324387

858998 Iich the Axe Maniac (level 27, -6/177 (373) HPs)
             Began as a Demonspawn Fighter on Apr 13, 2023.
             Was an Initiate of Gozag.
             Mangled by a profane servitor
             ... wielding a +3 whip of distortion
              (7 damage)
             ... while paralysed by Ereshkigal
             ... on level 7 of Tartarus on Apr 14, 2023.
             The game lasted 03:40:20 (75181 turns).

Iich the Axe Maniac (Demonspawn Fighter)           Turns: 75181, Time: 03:40:20

HP:   -6/177 (373)  AC: 33    Str: 23    XL:     27
MP:   0/14          EV:  2    Int:  9    God:    Gozag
Gold: 3553          SH:  0    Dex: 24    Spells: 26/26 levels left

rFire   + + +      SeeInvis .    F - +8 frozen axe "Frostbite" {freeze, freezing cloud, *Noise Fly rC+}
rCold   + + +      Faith    .    (shield currently unavailable)
rNeg    . . .      Spirit   +    R - melded +2 plate armour of Sesch {rN+++}
rPois   +          Reflect  .    r - melded +2 hat of the Bear Spirit {Spirit, Bear, *Rage Will++}
rElec   +          Rampage  .    c - melded +2 cloak {Will+}
rCorr   +          NoTele   +    E - melded +0 pair of gloves "Cabojael" {rN+ Str+3 Int+3}
Will    +....      Rage     9%   (boots unavailable)
Stlth   +++                      G - amulet of Vitality {RegenMP++ Regen++}
HPRegen 2.09/turn                C - ring of Xaodazuwu {rF++ rC+++ MP-9 Str+6 Int-3}
MPRegen 1.08/turn                T - ring of the Hare {EV+10}

@: paralysed, mighty, tree-form (expiring), resistant, on berserk cooldown,
hasted and slowed, wreathed by umbra, studying 2 skills, silenced, extremely
drained, weak-willed
A: stationary, stasis, torment immunity, boosted hp, (hooves 3), (yellow scales
3), foul stench 3, magic shield, magic regeneration, magic link, black mark,
bedeviling, aura of silence, (antennae 1), thin skeletal structure 1, berserk 2,
clumsy 1, screaming 1, subdued magic 1, noise suppression
}: 6/15 runes: decaying, slimy, silver, obsidian, abyssal, gossamer
a: End Transformation, Renounce Religion


You were on level 7 of Tartarus.
You worshipped Gozag.
Gozag was most pleased with you.
You were a tree.
You visited 15 branches of the dungeon, and saw 71 of its levels.
You visited Pandemonium 1 time, and saw 3 of its levels.
You visited the Abyss 2 times.
You also visited: Trove, Gauntlet, Ice Cave, Wizlab and Desolation.

You collected 45661 gold pieces.
You spent 3420 gold pieces at shops.
You paid 38688 gold pieces to Gozag.

Inventory:

Hand Weapons
 F - the +8 frozen axe "Frostbite" (weapon) {freeze, freezing cloud, *Noise Fly rC+}
   (You found it in a treasure trove)

   rC:        It protects you from cold.
   Fly:       It grants you flight.
   *Noise:    It may make noises in combat.
 Z - the +5 Lochaber axe {reach-cleave, Poleaxe Drain}
   (You took it off an ironbound preserver on level 5 of the Vaults)

   Poleaxe:   It uses either Axes or Polearms skill, whichever is higher.
   Drain:     It drains your maximum health when unequipped.
Armour
 c - a +2 cloak of willpower (melded)
 j - the +8 chain mail of Zireamo {rPois rF++ Will+ Regen+}
   (You found it on level 2 of the Dungeon)

   rF:        It greatly protects you from fire.
   rPois:     It protects you from poison.
   Regen:     It increases your rate of health regeneration.
   Will:      It increases your willpower.
 r - the +2 hat of the Bear Spirit (melded) {Spirit, Bear, *Rage Will++}
   (You found it on level 2 of the Realm of Zot)

   Bear:      Going berserk makes the wearer exceptionally tough, and they are
   slowed for a shorter time afterward.
   *Rage:     It berserks you when you make melee attacks (+20% chance).
   Will:      It greatly increases your willpower.
 E - the +0 pair of gloves "Cabojael" (melded) {rN+ Str+3 Int+3}
   (You found it on level 14 of the Dungeon)

   Str:       It affects your strength (+3).
   Int:       It affects your intelligence (+3).
   rN:        It protects you from negative energy.
 R - the +2 plate armour of Sesch (melded) {rN+++}
   (You took it off a deep elf master archer on level 3 of the Elven Halls)

   rN:        It renders you almost immune to negative energy.
Jewellery
 p - a +6 ring of strength
 u - a +4 ring of slaying
 w - the brooch of Shielding {Spirit SH+8}
   (You took it off a vault guard on level 5 of the Vaults)

   [amulet of guardian spirit]

   It causes incoming damage to be divided between your reserves of health and
   magic.
   SH:        It affects your SH (+8).
 C - the ring of Xaodazuwu (left branch) {rF++ rC+++ MP-9 Str+6 Int-3}
   (You took it off a balrug in Pandemonium)

   [ring of strength]

   Str:       It affects your strength (+6).
   Int:       It affects your intelligence (-3).
   rF:        It greatly protects you from fire.
   rC:        It renders you almost immune to cold.
   MP:        It affects your magic capacity (-9).
 G - the amulet of Vitality (around neck) {RegenMP++ Regen++}
   (You found it on level 7 of the Dungeon)

   [amulet of magic regeneration]

   It increases your rate of magic regeneration.
   Regen:     It increases your rate of health regeneration.
 J - a +4 ring of protection
 Q - the macabre finger necklace {Finger+ rN+}
   (You took it off a vault guard on level 5 of the Vaults)

   [amulet of nothing]

   Finger+:   It enables you to equip an extra ring.
   rN:        It protects you from negative energy.
 T - the ring of the Hare (right branch) {EV+10}
   (You took it off an orc wizard on level 5 of the Vaults)

   [ring of evasion]

   EV:        It affects your evasion (+10).
Wands
 s - a wand of polymorph (36)
 v - a wand of flame (194)
 x - a wand of iceblast (58)
 y - a wand of acid (54)
 A - a wand of paralysis (88)
 D - a wand of digging (33)
 Y - a wand of mindburst (39)
Scrolls
 a - 11 scrolls of silence
 f - 7 scrolls of fog
 g - 15 scrolls of fear
 i - a scroll of enchant weapon
 k - a scroll of torment
 o - 7 scrolls of poison
 t - 31 scrolls of teleportation
 B - 10 scrolls of blinking
 H - a scroll of immolation
 P - 4 scrolls of magic mapping
 U - a scroll of summoning
Potions
 d - 9 potions of might
 e - 4 potions of cancellation
 h - 13 potions of haste
 l - 5 potions of heal wounds
 m - 10 potions of mutation
 n - 8 potions of resistance
 q - 7 potions of curing
 z - 11 potions of flight
 L - a potion of lignification
 O - 10 potions of berserk rage
 V - a potion of magic
 W - 8 potions of invisibility
 X - 5 potions of ambrosia
Miscellaneous
 b - a phial of floods (inert)
 I - a phantom mirror (inert)
 K - a lightning rod (3/4)
 M - the horn of Geryon
 N - a box of beasts (inert)
 S - a condenser vane (inert)


   Skills:
 O Level 27 Fighting
 O Level 27 Axes
 + Level 19.2 Armour
 O Level 27 Dodging
 + Level 19.2 Shields
 + Level 16.1 Evocations


You had 26 spell levels left.
You didn't know any spells.
Your spell library contained the following spells:

 Spells                   Type           Power      Damage    Failure   Level
 Apportation              Tloc           0%         N/A       34%         1
 Beastly Appendage        Tmut           0%         N/A       34%         1
 Freeze                   Ice            0%         1d3       34%         1
 Kiss of Death            Conj/Necr      0%         2d5       34%         1
 Magic Dart               Conj           0%         1d3       34%         1
 Necrotise                Necr           0%         1d4       34%         1
 Sandblast                Erth           0%         2d4       34%         1
 Shock                    Conj/Air       0%         1d3       34%         1
 Sting                    Tmut/Pois      0%         1d3       34%         1
 Summon Small Mammal      Summ           0%         N/A       34%         1
 Blink                    Tloc           0%         N/A       47%         2
 Call Imp                 Summ           0%         N/A       47%         2
 Cigotuvi's Dreadful Rot  Necr/Pois/Air  0%         N/A       47%         2
 Ensorcelled Hibernation  Hex/Ice        0%         N/A       47%         2
 Lesser Beckoning         Tloc           0%         N/A       47%         2
 Momentum Strike          Conj/Tloc      0%         3d8       47%         2
 Poisonous Vapours        Pois/Air       0%         N/A       47%         2
 Scorch                   Fire           0%         2d5       47%         2
 Searing Ray              Conj           0%         2d4       47%         2
 Static Discharge         Conj/Air       0%         2-2/arc   47%         2
 Sublimation of Blood     Necr           0%         N/A       47%         2
 Wereblood                Tmut           0%         N/A       47%         2
 Confusing Touch          Hex            0%         N/A       73%         3
 Dazzling Flash           Conj/Hex       0%         N/A       73%         3
 Frozen Ramparts          Ice            0%         1d1       73%         3
 Gell's Gravitas          Tloc           0%         N/A       73%         3
 Hailstorm                Conj/Ice       0%         3d3       73%         3
 Inner Flame              Hex/Fire       0%         N/A       73%         3
 Mephitic Cloud           Conj/Pois/Air  0%         N/A       73%         3
 Ozocubu's Armour         Ice            0%         N/A       73%         3
 Portal Projectile        Hex/Tloc       0%         N/A       73%         3
 Spider Form              Tmut/Pois      0%         N/A       73%         3
 Stone Arrow              Conj/Erth      0%         3d7       73%         3
 Summon Guardian Golem    Hex/Summ       0%         N/A       73%         3
 Swiftness                Air            0%         N/A       73%         3
 Teleport Other           Tloc           0%         N/A       73%         3
 Tukima's Dance           Hex            0%         N/A       73%         3
 Vampiric Draining        Necr           0%         2d6       73%         3
 Vhi's Electric Charge    Tloc/Air       0%         N/A       73%         3
 Volatile Blastmotes      Fire/Tloc      0%         2d10      73%         3
 Airstrike                Air            0%         2d(0-16)  98%         4
 Anguish                  Hex/Necr       0%         N/A       98%         4
 Animate Armour           Summ/Erth      0%         N/A       98%         4
 Cause Fear               Hex            0%         N/A       98%         4
 Dispel Undead            Necr           0%         3d6       98%         4
 Flame Wave               Conj/Fire      0%         2d4       98%         4
 Fulminant Prism          Conj/Hex       0%         3d5       98%         4
 Ice Form                 Ice/Tmut       0%         N/A       98%         4
 Iskenderun's Mystic Bla  Conj/Tloc      0%         2d3       98%         4
 Manifold Assault         Tloc           0%         N/A       98%         4
 Olgreb's Toxic Radiance  Pois           0%         N/A       98%         4
 Passage of Golubria      Tloc           0%         N/A       98%         4
 Petrify                  Tmut/Erth      0%         N/A       98%         4
 Sticky Flame             Conj/Fire      0%         2d3       98%         4
 Summon Ice Beast         Ice/Summ       0%         N/A       98%         4
 Summon Lightning Spire   Summ/Air       0%         N/A       98%         4
 Agony                    Necr           0%         N/A       100%        5
 Alistair's Intoxication  Tmut/Pois      0%         N/A       100%        5
 Arcjolt                  Conj/Air       0%         1d10      100%        5
 Blade Hands              Tmut           0%         N/A       100%        5
 Freezing Cloud           Conj/Ice/Air   0%         6-21      100%        5
 Irradiate                Conj/Tmut      0%         3d11      100%        5
 Iskenderun's Battlesphe  Conj           0%         2d6       100%        5
 Lee's Rapid Deconstruct  Erth           0%         3d4*      100%        5
 Metabolic Englaciation   Hex/Ice        0%         N/A       100%        5
 Silence                  Hex/Air        0%         N/A       100%        5
 Summon Forest            Summ/Tloc      0%         N/A       100%        5
 Summon Mana Viper        Hex/Summ       0%         N/A       100%        5
 Conjure Ball Lightning   Conj/Air       0%         3x3d6     100%        6
 Death Channel            Necr           0%         N/A       100%        6
 Dispersal                Tloc           0%         N/A       100%        6
 Eringya's Noxious Bog    Tmut/Pois      0%         N/A       100%        6
 Iron Shot                Conj/Erth      0%         9d1       100%        6
 Statue Form              Tmut/Erth      0%         N/A       100%        6
 Summon Cactus Giant      Summ           0%         N/A       100%        6
 Enfeeble                 Hex            0%         N/A       100%        7
 Haunt                    Necr/Summ      0%         N/A       100%        7
 Monstrous Menagerie      Summ           0%         N/A       100%        7
 Ozocubu's Refrigeration  Ice            0%         4d7       100%        7
 Storm Form               Tmut/Air       0%         N/A       100%        7
 Summon Hydra             Summ           0%         N/A       100%        7
 Discord                  Hex            0%         N/A       100%        8
 Disjunction              Tloc           0%         N/A       100%        8
 Infestation              Necr           0%         N/A       100%        8
 Lehudib's Crystal Spear  Conj/Erth      0%         10d2      100%        8
 Maxwell's Capacitive Co  Air            0%         ∞         100%        8
 Polar Vortex             Ice            0%         N/A       100%        9
 Animate Dead             Necr           Unusable   N/A       N/A         4

Dungeon Overview and Level Annotations

Branches:
Dungeon (15/15)            Temple (1/1) D:7            Lair (5/5) D:11
  Swamp (4/4) Lair:3       Spider (4/4) Lair:2        Slime (5/5) Lair:4
    Orc (2/2) D:12            Elf (3/3) Orc:2        Vaults (5/5) D:13
  Crypt (3/3) Vaults:2       Tomb (0/3) Crypt:3      Depths (4/4) D:15
   Hell (visited)             Dis (0/7) Hell            Geh (7/7) Hell
    Coc (0/7) Hell            Tar (7/7) Hell            Zot (5/5) Depths:4
  IceCv (visited)          WizLab (visited)         Desolation (visited)
Gauntlet (visited)

Altars:
Ashenzari
Cheibriados
Dithmenos
Fedhas
Gozag
Hepliaklqana
Kikubaaqudgha
Makhleb
Nemelex Xobeh
Okawaru
Qazlal
Ru
Sif Muna
Trog
Uskayaw
Vehumet
Wu Jian
Xom
Yredelemnul
Jiyva

Shops:
D:7 (   D:8 :   D:10 ?   D:12 *   Orc:1 (*   Orc:2 ?![=   Elf:1 (   Lair:1 =
Lair:5 [   Vaults:1 ?=(   Vaults:2 ?   Vaults:4 *

Portals:
Hell: Depths:1 Depths:2 Depths:3 Depths:4
Abyss: Depths:3
Pandemonium: Orc:2 Depths:2 Depths:4
Ziggurat: Depths:1

Annotations:
Depths:2 3 runed translucent doors
Tar:7 Ereshkigal


Innate Abilities, Weirdness & Mutations

You are a tree.
Your roots penetrate the ground, keeping you stationary.
You cannot be teleported.
You are immune to unholy pain and torment.
Your maximum health is greatly increased.
Your equipment is partially melded.
((You have hooves in place of feet.))
((You are completely covered in yellow scales. (AC +4, rCorr)))
You frequently emit foul miasma when damaged in melee.
When hurt, damage is shared between your health and your magic reserves.
You regenerate magic rapidly.
When low on magic, you restore magic in place of health.
Your melee attacks may debilitate your foes.
Your hexes are more powerful.
You are surrounded by an aura of silence.
((You have a pair of small antennae on your head.))
You have a somewhat thin skeletal structure. (Dex +2, Stealth+)
You have an uncontrollable temper.
You are clumsy. (Dex -2)
You occasionally shout uncontrollably at your foes.
Your spells are a little easier to cast, but a little less powerful.
You passively dampen the noise of your surroundings.


Message History

You emit a cloud of foul miasma!
The Tzitzimitl engulfs you but does no damage.
The Tzitzimitl bites you!
* * * LOW HITPOINT WARNING * * *
You feel drained.
* * * LOW HITPOINT WARNING * * *
You take 37 damage, and have 42/201 hp.
You now have 8/14 mp.
Okay, then.
You feel much better. Ereshkigal gestures at you.
You suddenly lose the ability to move!
The Tzitzimitl engulfs you but does no damage.
The Tzitzimitl bites you but does no damage.
Your transformation is almost over.
Ereshkigal hits you with a +4 long sword of freezing!
* * * LOW HITPOINT WARNING * * *
The Tzitzimitl engulfs you.
* * * LOW HITPOINT WARNING * * *
You emit a cloud of foul miasma!
The Tzitzimitl bites you.
You feel drained. Ereshkigal hits you but does no damage.
The Tzitzimitl engulfs you but does no damage.
The Tzitzimitl bites you!
* * * LOW HITPOINT WARNING * * *
You feel drained.
* * * LOW HITPOINT WARNING * * *
The profane servitor hits you with a +3 whip of distortion!
* * * LOW HITPOINT WARNING * * *
The profane servitor draws strength from your injuries!
The profane servitor hits you but does no damage.
The Tzitzimitl engulfs you but does no damage.
The Tzitzimitl bites you!
* * * LOW HITPOINT WARNING * * *
You feel drained.
* * * LOW HITPOINT WARNING * * *
Ereshkigal gestures.
Ereshkigal is healed.
The profane servitor hits you but does no damage.
The profane servitor hits you with a +3 whip of distortion!
You die...
Your body crumbles into a pile of gold.

.###.....####.####.####^....###.'
.#.##...##.####..####.##...##.#.#
.#|)##.##...##....##...##.##=.#..
##)=|#.#.....#....#.....#.#.[)###
..######..#..#....#..#(.######..#
..#...#...#..........#..^#...#..#
###.#'#...##........##...#'#.###.
#...#(##.#####''''#####.##.#...#.
#.#.#....#{#...1♣1..#,#....#.#.#.
#.#.#....#,#....&A..#,#....#.#.##
(.#.#....#,#........#,#....#.#...
.##.#....#,##......##,#....#.##.#
.#..#.#.##,,#......#,,##.#.#..#..
##.##.#.#,,,##§.§.##,,,#)#.##.##.
#..#..#.#,,,,##§'##,,,,#.#..#..##
..##.##(#,,,,,§§..,,,,,#.##.##..#
.##..#..#,,,,,,,,,,,,,,#..#..##.)


You could see Ereshkigal (silencing, unsilenced), a profane servitor and 2
Tzitzimimeh.

Vanquished Creatures
  the Royal Jelly (Slime:5)
  Asmodeus (Geh:7)
  4 dread liches
  Khufu (Crypt:3)
  6 orbs of fire
  3 ancient liches
  The ghost of Sackuas the Slayer, a veteran OgBe of Trog (Zot:4)
  2 juggernauts (Depths:2)
  3 royal mummies (Crypt:3)
  Josephina (Zot:4)
  Vv (Depths:3)
  The ghost of Uroast the Impregnable, a veteran MiGl of Hepliaklqana (Crypt:3)
  The ghost of Zogul the Impregnable, a veteran MiGl of Hepliaklqana (Crypt:1)
  Bai Suzhen (Crypt:2)
  3 Killer Klowns
  Saint Roka (Depths:1)
  Xtahua (Crypt:1)
  6 caustic shrikes (Depths:3)
  3 curse toes
  10 golden dragons
  Geryon (Hell)
  the Enchantress (Depths:1)
  22 profane servitors
  Arachne (Spider:2)
  26 bone dragons
  A pandemonium lord (Pan)
  11 hellephants
  13 Brimstone Fiends
  14 doom hounds
  6 electric golems
  29 tentacled monstrosities
  16 Tzitzimimeh
  Jorgrun (D:12)
  An iron giant (Hell)
  Zenata (Elf:2)
  A walking crystal tome (Depths:3)
  An Ice Fiend (Pan)
  A Hell Sentinel (Abyss:3)
  26 tainted leviathans
  5 liches
  6 Orb Guardians (Zot:5)
  Rupert (D:13)
  The ghost of hollowman the Marksminotaur, an adept MiHu of Okawaru (Swamp:4)
  2 deep elf blademasters (Elf:3)
  9 titans
  Asterion (Elf:2)
  14 acid blobs
  44 searing wretches
  2 deep elf master archers (Elf:3)
  10 quicksilver dragons
  7 death cobs
  Gastronok (Lair:3)
  6 Executioners
  13 ancient champions
  5 sphinxes
  3 draconian monks
  10 tentacled starspawn (Abyss:3)
  13 storm dragons
  3 thorn hunters
  Kirke (Lair:4)
  Roxanne (D:14)
  A fenstrider witch (Swamp:2)
  6 azure jellies
  2 tengu reavers (Vaults:5)
  21 fire giants
  4 deep elf sorcerers (Elf:3)
  4 demonspawn warmongers (Pan)
  15 vault wardens
  4 revenants
  Aizul (Elf:1)
  17 frost giants
  7 emperor scorpions (Spider:4)
  14 shadow dragons
  A spectral juggernaut (Tar:4)
  7 draconian scorchers
  5 rockslimes
  2 draconian knights
  32 balrugs
  3 imperial myrmidons (Desolation)
  3 iron dragons (Depths:3)
  19 ironbound preservers
  5 spectral caustic shrikes
  5 ghost moths
  9 draconian shifters
  Louise (Swamp:3)
  5 draconian stormcallers
  4 deep elf elementalists (Elf:3)
  An angel (Abyss:3)
  2 cacodemons (Pan)
  22 stone giants
  15 reapers
  2 orc warlords
  9 quicksilver oozes
  A curse skull (Crypt:3)
  3 ghouls
  4 spriggan defenders
  A caustic shrike zombie (Crypt:3)
  5 demonspawn corrupters (Pan)
  32 very ugly things
  5 war gargoyles
  A draconian annihilator (Zot:3)
  4 demonspawn blood saints (Pan)
  2 broodmothers
  7 vampire knights
  32 putrid mouths
  3 demonspawn black suns (Pan)
  9 ironbound thunderhulks
  8 black draconians
  11 eleionomae
  7 deep elf annihilators
  8 green draconians
  7 red draconians
  8 lorocyprocas
  15 dire elephants
  7 bunyips
  9 deep elf demonologists
  6 yellow draconians
  6 white draconians
  A minotaur (Gauntlet)
  Azrael (Elf:2)
  4 spark wasps
  3 iron golems (Hell)
  7 purple draconians
  10 deep elf death magi
  8 eidola
  A spectral iron giant (Tar:5)
  7 blizzard demons
  11 jiangshi
  9 ettins
  4 green deaths
  10 crystal guardians
  9 fire dragons
  A kraken zombie (Hell)
  2 spectral krakens (Tar:7)
  9 ragged hierophants (Desolation)
  6 servants of whispers (Desolation)
  4 deep elf high priests
  5 entropy weavers
  4 spectral spriggans
  12 yaktaur captains
  4 rakshasas
  Harold (Orc:1)
  2 shambling mangroves
  2 quicksilver dragon skeletons
  An ice dragon (shapeshifter) (Vaults:5)
  19 hydras
  8 ice dragons
  31 vault guards
  A radroach (Spider:1)
  15 great orbs of eyes
  8 salamander tyrants
  21 peacekeepers
  3 catoblepae
  A hell beast (Pan)
  2 caustic shrike simulacra
  7 spriggan air magi
  2 juggernaut simulacra (Pan)
  4 ogre magi (Vaults:5)
  A demonspawn (Orc:2)
  A spriggan skeleton (Crypt:1)
  9 stokers
  14 centaur warriors
  2 ghost crabs
  8 ironbound frosthearts
  2 fenstrider witch skeletons
  4 death yaks (Lair:4)
  A death knight (Abyss:3)
  8 boulder beetles
  4 tengu warriors
  33 hell hogs
  A death scarab (Spider:3)
  A satyr (shapeshifter) (Depths:2)
  15 deep troll shamans
  7 alligators
  13 two-headed ogres
  25 dancing weapons
  A naga warrior (Abyss:3)
  2 spectral dire elephants
  18 thrashing horrors (Abyss:3)
  Urug (Lair:4)
  8 deep troll earth magi
  6 vampire magi
  10 deep elf knights
  A shock serpent (shapeshifter) (Vaults:5)
  19 hell knights
  11 spriggans
  4 spriggan berserkers (Depths:3)
  9 orc high priests
  6 shadow wraiths
  34 sun demons
  9 iron trolls
  10 soul eaters
  12 wretched stars (Abyss:3)
  2 spatial maelstroms (Abyss:3)
  A spectral bunyip (Tar:1)
  A spectral death yak (Lair:5)
  Amaemon (D:8)
  79 deep trolls
  A salamander mystic (Depths:2)
  8 sixfirhies
  A fire crab (shapeshifter) (Elf:3)
  3 pharaoh ants
  47 skeletal warriors
  2 anaconda zombies (Hell)
  8 goliath frogs
  A spectral minotaur (Tar:1)
  4 death drakes
  A sun moth (Spider:4)
  3 deep elf archers
  2 spectral anacondas
  8 spriggan druids
  6 glowing orange brains
  3 anaconda skeletons
  4 orb spiders
  4 shadow demons
  7 wizards
  10 phantasmal warriors
  11 necromancers
  5 flayed ghosts
  19 bog bodies
  21 ironbound convokers
  A spectral iron dragon (Tar:4)
  A fenstrider witch simulacrum (Hell)
  An obsidian statue (Lair:5)
  9 swamp dragons
  Pikel (D:8)
  11 orc knights
  27 deep elf pyromancers
  3 orange crystal statues
  9 lindwurms
  32 deep elf zephyrmancers
  3 spectral hydras (Swamp:3)
  20 wolf spiders
  A wolf spider zombie (Crypt:2)
  7 goliath frog zombies (Swamp:3)
  8 salamanders
  5 shining eyes
  9 steelbarb worms
  A tengu skeleton (Vaults:2)
  A faun (shapeshifter) (Vaults:5)
  A human zombie (Vaults:4)
  12 will-o-the-wisps
  11 orc sorcerers
  5 cyclopes
  An eleionoma skeleton (Crypt:1)
  4 manticores
  3 worldbinders (Abyss:3)
  34 moths of wrath
  27 ugly things
  A fire giant skeleton (Vaults:2)
  Joseph (D:7)
  An alligator snapping turtle zombie (Abyss:3)
  12 elephants (Lair:5)
  3 molten gargoyles
  3 rust devils
  6 dire elephant zombies
  4 black mambas
  3 guardian serpents
  A frost giant skeleton (Crypt:2)
  2 ice statues (Hell)
  19 vault sentinels
  6 demonic crawlers
  A naga zombie (Crypt:3)
  119 slime creatures
  3 apocalypse crabs (Abyss:3)
  4 eyes of devastation
  12 spectral swamp worms (Tar:7)
  6 cane toads
  2 stone giant skeletons
  13 smoke demons
  2 centaur zombies (Hell)
  7 torpor snails
  4 unseen horrors
  A centaur skeleton (Crypt:3)
  5 gargoyles
  Maggie (D:8)
  43 large abominations
  5 orange demons
  3 rime drakes
  6 komodo dragons
  A rime drake (shapeshifter) (Vaults:1)
  2 komodo dragons (shapeshifter)
  14 hellions
  A sea snake zombie (Crypt:1)
  3 swamp worm zombies (Swamp:3)
  20 yaktaurs
  An alligator snapping turtle skeleton (Abyss:3)
  8 ice devils
  2 catoblepas skeletons (Crypt:2)
  3 anaconda simulacra
  12 freezing wraiths
  A silent spectre (Tar:6)
  6 golden dragon simulacra
  21 tormentors
  4 efreet
  10 ancient zymes (Abyss:3)
  A spectral harpy (Tar:2)
  6 tengu conjurers
  3 red devils
  2 sea snake skeletons (Hell)
  A meliai (shapeshifter) (Vaults:5)
  5 hellwings
  A queen bee (shapeshifter) (Vaults:5)
  A tarantella (shapeshifter) (D:13)
  A bloated husk (Swamp:3)
  6 hornets
  2 polar bears
  2 harpy zombies
  31 tarantellas
  65 saltlings
  11 trolls
  A jumping spider zombie (Crypt:1)
  38 raiju
  A shadow dragon simulacrum (Vaults:4)
  Prince Ribbit (D:7)
  A stone giant simulacrum (Vaults:4)
  8 tyrant leeches
  A hydra skeleton (Hell)
  2 spectral elephants (Lair:5)
  3 alligator zombies (Swamp:3)
  3 spectral swamp dragons (Swamp:3)
  21 blink frogs
  18 jumping spiders
  15 flying skulls
  A centaur simulacrum (D:14)
  50 yaks
  21 culicivoras
  2 shadows
  8 water elementals
  3 air elementals (Elf:3)
  3 vampires
  Sigmund (D:2)
  9 wraiths
  3 dire elephant simulacra (IceCv)
  16 ynoxinuls
  An alligator skeleton (Crypt:3)
  2 wyverns
  2 basilisks (Lair:5)
  4 tyrant leech zombies (Swamp:3)
  An elf zombie (Vaults:4)
  3 fire bats (Abyss:3)
  5 hogs (Lair:4)
  10 neqoxecs
  10 chaos spawn
  12 fire elementals
  A human (Lair:4)
  An ettin skeleton (Vaults:2)
  6 golden eyes
  31 small abominations (Abyss:3)
  4 steam dragons
  A purple draconian simulacrum (Zot:4)
  43 redbacks
  14 vampire mosquitoes
  7 wargs
  An elf skeleton (Vaults:2)
  12 water moccasins
  A harpy simulacrum (IceCv)
  A spatial vortex (Abyss:3)
  13 swamp worms
  5 acid dragons
  A cane toad zombie (Crypt:3)
  2 hydra simulacra
  5 hell hounds (Elf:2)
  44 orc warriors
  A moth of wrath simulacrum (Zot:4)
  An ogre skeleton (Vaults:2)
  An alligator simulacrum (IceCv)
  5 ice beasts
  8 swamp drakes
  2 sky beasts
  A black bear (shapeshifter) (Elf:3)
  A black bear (D:5)
  3 elephant zombies
  6 ettin simulacra
  5 boggarts (D:15)
  13 ogres
  13 wolves
  11 centaurs
  An elephant skeleton (Lair:5)
  A lemure (D:8)
  A phantom (D:4)
  3 kobold brigands
  7 bullfrogs
  4 gnoll sergeants
  A draconian skeleton (Crypt:1)
  A rime drake skeleton (Crypt:3)
  A salamander skeleton (Crypt:3)
  8 scorpions
  2 cyclops zombies
  6 earth elementals
  7 human skeletons
  12 wights
  2 elephant simulacra (Lair:5)
  3 troll zombies (Swamp:3)
  17 killer bees
  2 spriggan zombies (Swamp:3)
  A troll skeleton (Crypt:2)
  8 howler monkeys
  2 electric eels
  7 quasits
  6 iron imps
  6 jellies
  A gnoll bouda (D:7)
  38 orc priests
  83 starcursed masses (Abyss:3)
  Crazy Yiuf (D:6)
  4 hounds
  2 sleepcaps
  Natasha (thrice) (D:2)
  An iguana (D:5)
  22 orc wizards
  16 hell rats (Hell)
  A boggart skeleton (Crypt:3)
  2 lightning spires (WizLab)
  Robin (D:4)
  17 gnolls
  6 adders
  A swamp drake skeleton (Crypt:3)
  2 shadow imps
  5 white imps
  6 ufetubi
  2 worms
  4 dart slugs
  98 orcs
  6 ball pythons
  6 bats
  3 endoplasms
  8 giant cockroaches
  20 goblins
  8 hobgoblins
  3 quokkas
  A dart slug zombie (Crypt:1)
  3 frilled lizards
  17 kobolds
  8 rats
  A river rat skeleton (Crypt:2)
  5 briar patches (Swamp:3)
  6 creeping infernos
  52 fire vortices
  A lurking horror (Abyss:3)
  18 starspawn tentacles (Abyss:3)
  6 tentacles
3599 creatures vanquished.

Vanquished Creatures (collateral kills)
  the Lernaean hydra (Swamp:4)
  A Killer Klown (Zot:5)
  6 Orb Guardians (Zot:5)
  2 azure jellies (Slime:5)
  2 hydras
  An alligator (Swamp:4)
  A smoke demon (Pan)
14 creatures vanquished.

Vanquished Creatures (others)
  3 dread liches (Zot:5)
  An ancient lich (Zot:5)
  A curse toe (Zot:5)
  A hellephant (Geh:5)
  13 Orb Guardians (Zot:5)
  A death cob (Zot:5)
  A draconian knight (Zot:5)
  A draconian stormcaller (Zot:5)
  A stone giant (Vaults:5)
  A vampire knight (Depths:3)
  2 green draconians (Zot:5)
  A black draconian (Zot:3)
  A white draconian (Zot:5)
  2 red draconians (Zot:5)
  A yellow draconian (Zot:5)
  A hell hog (Geh:3)
  A deep elf knight (Elf:1)
  A sun demon (Hell)
  A tormentor (Geh:4)
  A bloated husk (Swamp:2)
  A saltling (Desolation)
  2 hornets (Swamp:4)
  A golden eye (Abyss:3)
  A small abomination (Abyss:3)
  An orc warrior (Vaults:5)
  A blink frog zombie (Crypt:3)
  A starcursed mass (Abyss:3)
  A white imp (Abyss:3)
  An orc (Vaults:5)
  A briar patch (Swamp:3)
  A creeping inferno (Geh:3)
  6 fire vortices
  92 foxfires
  15 fungi
  A lurking horror (Abyss:3)
  100 plants
  16 starspawn tentacles (Abyss:3)
  15 tentacles
  19 withered plants
312 creatures vanquished.

Grand Total: 3925 creatures vanquished

Notes
Turn   | Place    | Note
-------+----------+-------------------------------------------
     0 | D:1      | Iich the Demonspawn Fighter began the quest for the Orb.
     0 | D:1      | Reached XP level 1. HP: 18/18 MP: 1/1
   309 | D:1      | Gained mutation: You regenerate magic rapidly. [demonic
                  | ancestry]
   309 | D:1      | Reached XP level 2. HP: 24/24 MP: 2/2
   736 | D:2      | Noticed Natasha
   748 | D:2      | HP: 1/24 [Natasha (7)]
  1194 | D:2      | Gained mutation: You have large cloven feet. [demonic
                  | ancestry]
  1194 | D:2      | Reached XP level 3. HP: 29/29 MP: 3/3
  1194 | D:2      | Identified the +8 chain mail of Zireamo {rPois rF++ Will+
                  | Regen+}
  1266 | D:2      | Killed Natasha
  1276 | D:2      | Reached XP level 4. HP: 37/37 MP: 4/4
  1345 | D:2      | You fall into a shaft and drop 1 floor!
  1506 | D:2      | Noticed Natasha
  1522 | D:2      | Killed Natasha
  1591 | D:2      | Noticed Sigmund
  1602 | D:2      | Killed Sigmund
  1603 | D:2      | Reached XP level 5. HP: 43/43 MP: 5/5
  1603 | D:2      | Reached XP level 6. HP: 49/49 MP: 6/6
  1680 | D:2      | Noticed Natasha
  1687 | D:2      | Killed Natasha
  1688 | D:2      | Reached skill level 5 in Axes
  2743 | D:4      | Noticed Robin
  2756 | D:4      | Killed Robin
  2757 | D:4      | Reached skill level 5 in Fighting
  2886 | D:4      | Noticed an ice beast
  2901 | D:4      | Killed an ice beast
  2902 | D:4      | Gained mutation: You have hoof-like feet. [demonic
                  | ancestry]
  2902 | D:4      | Reached XP level 7. HP: 30/56 MP: 7/7
  3058 | D:4      | Found a burning altar of Makhleb.
  3060 | D:4      | Found a sacrificial altar of Ru.
  3091 | D:4      | Found a basalt altar of Yredelemnul.
  3345 | D:4      | Identified the +5 short sword of Duvosegg {heavy, Will+
                  | Int+2}
  3437 | D:5      | Entered Level 5 of the Dungeon
  3549 | D:5      | Reached XP level 8. HP: 64/64 MP: 8/8
  4038 | D:6      | Noticed Grinder
  5063 | D:6      | Reached XP level 9. HP: 55/72 MP: 9/9
  5063 | D:6      | Paralysed by Grinder for 5 turns
  5068 | D:6      | Grinder changed into Grinder the quasit
  5068 | D:6      | Noticed Grinder
  5072 | D:6      | Killed Grinder the quasit
  5250 | D:6      | Found an ancient bone altar of Kikubaaqudgha.
  5252 | D:6      | Found a shimmering altar of Xom.
  5252 | D:6      | Found a hazy altar of Hepliaklqana.
  5254 | D:6      | Found a shadowy altar of Dithmenos.
  5254 | D:6      | Found an iron altar of Okawaru.
  5254 | D:6      | Found a snail-covered altar of Cheibriados.
  5538 | D:6      | Found a runed translucent door.
  5539 | D:6      | Noticed Crazy Yiuf
  5546 | D:6      | Killed Crazy Yiuf
  5608 | D:7      | Found a staircase to the Ecumenical Temple.
  5616 | Temple   | Entered the Ecumenical Temple
  5637 | Temple   | Became a worshipper of Gozag Ym Sagoz the Greedy
  5806 | D:7      | Noticed Prince Ribbit
  5812 | D:7      | Reached skill level 10 in Axes
  5840 | D:7      | Found Keiniop's Antique Weapon Boutique.
  5861 | D:7      | Killed Prince Ribbit
  5869 | D:7      | Bought a glowing war axe for 208 gold pieces
  5990 | D:7      | Noticed Joseph
  6017 | D:7      | Killed Joseph
  6209 | D:7      | Reached XP level 10. HP: 77/82 MP: 10/10
  6277 | D:7      | Noticed a deep troll
  6277 | D:7      | Noticed a deep troll
  6283 | D:7      | Found the amulet of Vitality {RegenMP++ Regen++}
  6287 | D:7      | Killed a deep troll
  6297 | D:7      | Killed a deep troll
  6518 | D:7      | Found an ornate altar of the Wu Jian Council.
  6591 | D:8      | Noticed Amaemon
  6592 | D:8      | Noticed an orange demon
  6631 | D:7      | Bought a broad axe for 128 gold pieces
  6676 | D:8      | Noticed Maggie
  6687 | D:8      | Killed Maggie
  6743 | D:8      | Found Kuymyur's Book Emporium.
  6943 | D:8      | Killed Amaemon
  6944 | D:8      | Reached skill level 10 in Fighting
  6949 | D:8      | Killed an orange demon
  7001 | D:8      | Noticed Pikel
  7003 | D:8      | Noticed a two-headed ogre
  7009 | D:8      | Killed Pikel
  7019 | D:8      | Killed a two-headed ogre
  7020 | D:8      | Reached XP level 11. HP: 66/92 MP: 11/11
  7682 | D:9      | Found a runed translucent door.
  7682 | D:9      | Noticed a centaur warrior
  7688 | D:9      | Killed a centaur warrior
  7692 | D:9      | Noticed an orc knight
  8013 | D:9      | Noticed a boulder beetle
  8033 | D:9      | Noticed a boulder beetle
  8033 | D:9      | Noticed a deep elf pyromancer
  8043 | D:9      | Killed a deep elf pyromancer
  8045 | D:9      | Killed a boulder beetle
  8059 | D:9      | Killed a boulder beetle
  8091 | D:9      | Killed an orc knight
  8189 | D:10     | Entered Level 10 of the Dungeon
  8372 | D:10     | Noticed a two-headed ogre
  8380 | D:10     | Killed a two-headed ogre
  8472 | D:11     | Found a staircase to the Lair.
  8473 | D:11     | Noticed a two-headed ogre
  8486 | D:11     | Killed a two-headed ogre
  8545 | D:11     | Noticed a green ugly thing
  8555 | D:11     | Killed a green ugly thing
  8556 | D:11     | Gained mutation: You are partially covered in yellow
                  | scales. (AC +2) [demonic ancestry]
  8556 | D:11     | Reached XP level 12. HP: 102/102 MP: 12/12
  8998 | D:11     | Noticed a two-headed ogre
  9007 | D:11     | Killed a two-headed ogre
  9008 | D:11     | Reached skill level 15 in Axes
  9027 | D:10     | Noticed a two-headed ogre
  9033 | D:10     | Killed a two-headed ogre
  9246 | D:10     | Found Magenire's Magic Scroll Boutique.
  9256 | D:10     | Bought a scroll of enchant armour for 75 gold pieces
  9620 | Lair:1   | Entered Level 1 of the Lair of Beasts
 10300 | Lair:1   | Bought a +4 ring of protection for 396 gold pieces
 10300 | Lair:1   | Bought an amulet of reflection for 330 gold pieces
 10377 | Lair:2   | Identified the ring "Qenum" {Wiz rPois rF- Will+ Dex+6}
 10553 | Lair:2   | Found a hole to the Spider Nest.
 11271 | Lair:3   | Identified the +6 scale mail of the Orb Guardian {Rampage
                  | Str-2 Int+7 SInv}
 11390 | Lair:3   | Noticed Gastronok
 11407 | Lair:3   | Killed Gastronok
 11408 | Lair:3   | Reached XP level 13. HP: 111/111 MP: 13/13
 11813 | Lair:3   | Found a staircase to the Swamp.
 12153 | Lair:4   | Noticed Kirke
 12171 | Lair:4   | Killed Kirke
 12299 | Lair:4   | Noticed Urug
 12315 | Lair:4   | Killed Urug
 12397 | Lair:4   | Found a viscous altar of Jiyva.
 12397 | Lair:4   | Found a staircase to the Slime Pits.
 12888 | Lair:5   | Entered Level 5 of the Lair of Beasts
 12899 | Lair:5   | Reached skill level 1 in Dodging
 12959 | Lair:5   | Killed a ghost moth
 13201 | Lair:5   | Gained mutation: You are mostly covered in yellow scales.
                  | (AC +3) [demonic ancestry]
 13201 | Lair:5   | Reached XP level 14. HP: 121/121 MP: 14/14
 13392 | Lair:5   | Bought an embroidered cloak for 217 gold pieces
 13392 | Lair:5   | Bought an encrusted helmet for 275 gold pieces
 13392 | Lair:5   | Identified the +1 helmet of the Pits of Slime {+Blink
                  | Regen+ Dex+5 Slay-3} (You bought it in a shop on level 5 of
                  | the Lair of Beasts)
 13392 | Lair:5   | Bought a pair of embroidered boots for 217 gold pieces
 13836 | Lair:5   | Got Xes Jero's Octavo of Incandescent Power
 14441 | Spider:1 | Entered Level 1 of the Spider Nest
 14473 | Spider:1 | Reached skill level 15 in Fighting
 14613 | Spider:1 | Noticed a broodmother
 14663 | Spider:1 | Killed a broodmother
 14897 | Spider:1 | Reached skill level 5 in Dodging
 15162 | Spider:1 | Identified the +0 leather armour of Pacuash {Will++ Int-2}
 15310 | Spider:2 | Noticed Arachne
 15324 | Spider:2 | Killed Arachne
 15335 | Spider:2 | Noticed a broodmother
 15365 | Spider:2 | Killed a broodmother
 15464 | Spider:2 | Found a hide-covered altar of Uskayaw.
 15470 | Spider:2 | Gained mutation: You may rarely emit foul miasma when
                  | damaged in melee. [demonic ancestry]
 15470 | Spider:2 | Reached XP level 15. HP: 122/129 MP: 15/15
 16194 | Spider:3 | HP: 3/130 [jumping spider (10)]
 16654 | Swamp:1  | Entered Level 1 of the Swamp
 17236 | D:12     | Found a staircase to the Orcish Mines.
 17264 | D:12     | Noticed Jorgrun
 17283 | D:12     | Killed Jorgrun
 17386 | D:12     | Found Kuloqafu's General Store.
 17394 | D:12     | Bought a potion of mutation for 128 gold pieces
 17394 | D:12     | Bought a potion of mutation for 128 gold pieces
 18187 | D:13     | Found a gate to the Vaults.
 18302 | D:13     | Found a portal to a secret trove of treasure.
 18431 | D:13     | Found a gate leading to a gauntlet.
 18436 | Gauntlet | Entered a Gauntlet
 18436 | Gauntlet | Found a transporter.
 18443 | Gauntlet | Found a transporter.
 18445 | Gauntlet | Found a transporter.
 18456 | Gauntlet | Found a transporter.
 18459 | Gauntlet | Found a transporter.
 18473 | Gauntlet | Found a transporter.
 18486 | Gauntlet | Found a runed translucent gate.
 18487 | Gauntlet | Found a transporter.
 18487 | Gauntlet | Found a runed translucent gate.
 18488 | Gauntlet | Found a runed translucent gate.
 18496 | Gauntlet | Found a runed translucent door.
 18500 | Gauntlet | Found a transporter.
 18509 | Gauntlet | Found a transporter.
 18523 | Gauntlet | Found a transporter.
 18537 | Gauntlet | Found a transporter.
 18537 | Gauntlet | Found a transporter.
 18579 | Gauntlet | Found a transporter.
 18593 | Gauntlet | Found a transporter.
 19071 | Gauntlet | Identified the +1 pair of boots of Parts Unknown {Harm rC-
                  | Str+3 Int+2}
 19115 | Gauntlet | Identified the staff of fire "Poanaeji" {rF+ rC- Dex+6}
 19115 | Gauntlet | Identified the +5 scale mail of Somewhere Else {rN++ Int+2}
 19507 | D:13     | Noticed Rupert
 19556 | D:13     | Killed Rupert
 20061 | D:14     | Gained mutation: You sometimes emit foul miasma when
                  | damaged in melee. [demonic ancestry]
 20061 | D:14     | Reached XP level 16. HP: 123/139 MP: 16/16
 20087 | D:14     | Identified Roxanne's Grimoire of Configuration
 20087 | D:14     | Noticed Roxanne
 20119 | D:14     | Found a frozen archway.
 20138 | IceCv    | Entered an ice cave
 21133 | D:14     | Identified the +0 pair of gloves "Cabojael" {rN+ Str+3
                  | Int+3}
 21713 | D:14     | Killed Roxanne
 21741 | D:15     | Entered Level 15 of the Dungeon
 21741 | D:15     | Found a staircase to the Depths.
 21886 | D:15     | Found a stormy altar of Qazlal.
 22630 | Orc:1    | Entered Level 1 of the Orcish Mines
 22756 | Orc:2    | Entered Level 2 of the Orcish Mines
 22869 | Orc:2    | Found Iggixoh's Distillery.
 22870 | Orc:2    | Found Yfuhilys's Magic Scroll Emporium.
 22964 | Orc:2    | Bought a potion of mutation for 120 gold pieces
 22964 | Orc:2    | Bought a potion of heal wounds for 75 gold pieces
 22964 | Orc:2    | Bought a potion of berserk rage for 75 gold pieces
 22975 | Orc:2    | Bought a scroll of enchant weapon for 82 gold pieces
 22975 | Orc:2    | Bought a scroll of enchant weapon for 82 gold pieces
 23108 | Orc:2    | Found a staircase to the Elven Halls.
 23545 | Orc:2    | Found Vojecs's Jewellery Boutique.
 23545 | Orc:2    | Found Voorel's Antique Armour Shop.
 23546 | Orc:2    | Found a one-way gate leading to the halls of Pandemonium.
 23563 | Orc:2    | Bought a +5 ring of evasion for 504 gold pieces
 23681 | Orc:1    | Found a shimmering altar of Xom.
 23949 | Orc:1    | Noticed Harold
 23951 | Orc:1    | Found Gyatz's Assorted Antiques.
 23957 | Orc:1    | Killed Harold
 23963 | Orc:1    | Gained mutation: You are completely covered in yellow
                  | scales. (AC +4, rCorr) [demonic ancestry]
 23963 | Orc:1    | Reached XP level 17. HP: 148/148 MP: 17/17
 24882 | Swamp:2  | Reached skill level 10 in Dodging
 25786 | Swamp:2  | Noticed a tentacled monstrosity
 25819 | Swamp:2  | Killed a tentacled monstrosity
 25848 | Swamp:2  | Noticed a tentacled monstrosity
 25859 | Swamp:2  | Killed a tentacled monstrosity
 26088 | Swamp:2  | Noticed a tentacled monstrosity
 26095 | Swamp:2  | Killed a tentacled monstrosity
 26367 | Swamp:2  | You fall into a shaft and drop 1 floor!
 26684 | Swamp:3  | Upgraded the game from 0.30-a0-1074-g5db6f66fbb to
                  | 0.30-a0-1075-gcd70e7a56d
 27248 | Swamp:3  | Gained mutation: Your hexes are more powerful. [demonic
                  | ancestry]
 27248 | Swamp:3  | Reached XP level 18. HP: 150/151 MP: 18/18
 27798 | Swamp:3  | Identified the +0 robe of Ethics {Int+3}
 28036 | Spider:4 | Entered Level 4 of the Spider Nest
 28809 | Spider:4 | Got a gossamer rune of Zot
 29145 | Swamp:4  | Entered Level 4 of the Swamp
 29262 | Swamp:4  | Noticed Louise
 29301 | Swamp:3  | Killed Louise
 29396 | Swamp:4  | Noticed the 27-headed Lernaean hydra
 29402 | Swamp:4  | Killed the 27-headed Lernaean hydra
 29926 | Swamp:4  | Identified the +3 leather armour of Indecent Exposure {rF+
                  | MP+9}
 29936 | Swamp:4  | Got a decaying rune of Zot
 30172 | Swamp:4  | Found a runed translucent door.
 30172 | Swamp:4  | Noticed hollowman's ghost (adept MiHu)
 30497 | Swamp:4  | Killed hollowman's ghost
 30808 | Vaults:1 | Entered Level 1 of the Vaults
 31050 | Vaults:1 | Identified the ring of the Peculiar Runes {rF++ rC+ rCorr
                  | Str+6 Int+4}
 31148 | Vaults:1 | Got Kuofod's Treatise on Voltage and Graupel
 31158 | Vaults:1 | Gained mutation: You frequently emit foul miasma when
                  | damaged in melee. [demonic ancestry]
 31158 | Vaults:1 | Reached XP level 19. HP: 129/167 MP: 19/19
 31188 | Vaults:1 | Bought a scroll of enchant weapon for 150 gold pieces
 31412 | Vaults:1 | Identified the +8 great mace "Wesischuts" {freeze, rN+}
 31453 | Vaults:1 | Identified the +0 sling "Leigies" {flame, rF+ MP-9 Dex+4
                  | SInv}
 31812 | Vaults:1 | Found Buedurir's Weapon Shop.
 32620 | Vaults:2 | Found a crumbling gateway.
 32630 | Desolati | Entered the Desolation of Salt
 32680 | Desolati | Reached XP level 20. HP: 176/176 MP: 20/20
 32889 | Desolati | Got the Directory of the Dose and the Wendigo
 32897 | Desolati | Got the Reference Book on Glaciation
 32929 | Desolati | Identified the ring "Ocki" {rPois rF+ Str+3 Dex+3}
 33112 | Desolati | Identified the amulet "Nibimin" {Faith rC+ rN+ Will- Int+4}
 33115 | Desolati | Got Sorhaw's Information on Altered Firn
 33341 | Desolati | Identified the amulet of the Invisible Hand {rPois Regen+
                  | Slay-5 SInv Stlth+}
 33343 | Desolati | Identified the ring of Mifink {Drain rF+ Int+6 Dex+5}
 33351 | Desolati | Got the Directory of the Charmed Adder
 33675 | Vaults:2 | Found Haiwamm's Magic Scroll Boutique.
 33680 | Vaults:2 | Bought a scroll of enchant armour for 105 gold pieces
 34348 | Vaults:2 | Found a staircase to the Crypt.
 34454 | Vaults:2 | Identified the +0 ring mail of Damp Amelioration {Int+5}
 35401 | Vaults:3 | Gained mutation: When hurt, damage is shared between your
                  | health and your magic reserves. [demonic ancestry]
 35401 | Vaults:3 | Reached XP level 21. HP: 91/185 MP: 21/21
 35918 | Vaults:4 | Found Seatezxu's Assorted Antiques.
 35926 | Vaults:4 | Bought a vibrating lapis lazuli ring for 125 gold pieces
 35926 | Vaults:4 | Identified the ring "Sisuecem" {rF- rC+ Str+7} (You bought
                  | it in a shop on level 4 of the Vaults)
 36092 | Vaults:4 | Reached skill level 15 in Dodging
 36904 | Elf:1    | Entered Level 1 of the Elven Halls
 37042 | Elf:1    | Noticed Aizul
 37066 | Elf:1    | Killed Aizul
 37442 | Elf:1    | Got the Verses on the Congregation
 37554 | Elf:1    | Found Susumpaff's Weapon Shop.
 37727 | Elf:2    | Noticed Azrael
 37746 | Elf:2    | Killed Azrael
 38062 | Elf:2    | Found a huge runed translucent gate.
 38062 | Elf:2    | Found a huge runed translucent gate.
 38062 | Elf:2    | Found a huge runed translucent gate.
 38062 | Elf:2    | Found a huge runed translucent gate.
 38063 | Elf:2    | Found a huge runed translucent gate.
 38523 | Elf:3    | Entered Level 3 of the Elven Halls
 38593 | Elf:3    | Paralysed by an air elemental for 1 turns
 38775 | Elf:3    | Paralysed by an air elemental for 1 turns
 39386 | Elf:3    | Identified the +2 plate armour of Sesch {rN+++}
 39386 | Elf:3    | Identified the ring "Umuvirch" {Fly Will++}
 39389 | Elf:3    | Identified the ring "Cink" {rN+ Will++ Int+5}
 39428 | Elf:3    | Identified the ring of Ycheki {Fire rPois Int-3 Dex+4}
 39598 | Elf:3    | Got Siroa's Quarto of Unholy Acts
 39602 | Elf:3    | Got the Reference Book on Plutonic Hoarfrost
 39610 | Elf:3    | Identified the +1 ring mail of Asuh {Fly rC- Int-4 Dex+8}
 39945 | Abyss:3  | Cast into level 3 of the Abyss (+2 scimitar of distortion)
 40054 | Abyss:3  | Reached skill level 27 in Axes
 40187 | Abyss:3  | Gained mutation: When low on magic, you restore magic in
                  | place of health. [demonic ancestry]
 40187 | Abyss:3  | Reached XP level 22. HP: 191/195 MP: 18/22
 40194 | Abyss:3  | Gained mutation: You are vulnerable to heat. (rF-) [a
                  | neqoxec]
 40470 | Elf:2    | Escaped the Abyss
 40472 | Elf:2    | Noticed Asterion
 40479 | Elf:2    | Noticed Zenata
 40484 | Elf:2    | Killed Asterion
 40498 | Elf:2    | Killed Zenata
 41390 | Depths:1 | Entered Level 1 of the Depths
 41390 | Depths:1 | Found a gateway to Hell.
 41645 | Depths:1 | Found a magical portal.
 41654 | WizLab   | Entered Maxwell's Workshop
 41767 | WizLab   | Identified the ring of Disamy {Ice Str-4 Int+5 Slay+2}
 41768 | WizLab   | Identified the ring "Poezxypo" {Fire rN+ Will+}
 41769 | WizLab   | Identified the ring "Wuos" {Fire rPois rN+ Will- Stlth+}
 42151 | WizLab   | Identified the +0 helmet "Diqujaol" {rCorr}
 42152 | WizLab   | Identified the +2 robe "Dipiall" {Dex+3}
 42339 | Depths:1 | Identified the +6 bardiche of Viluo {drain, Drain Fly rC+++
                  | Dex-2}
 42368 | Depths:1 | Noticed the Enchantress
 42368 | Depths:1 | Noticed Saint Roka
 42392 | Depths:1 | Killed the Enchantress
 42403 | Depths:1 | Killed Saint Roka
 42652 | Depths:1 | Found a one-way gateway to a ziggurat.
 43434 | Depths:2 | Noticed a juggernaut
 43442 | Depths:2 | Killed a juggernaut
 43443 | Depths:2 | Found a runed translucent gate.
 43443 | Depths:2 | Found a runed translucent gate.
 43443 | Depths:2 | Found a runed translucent gate.
 43448 | Depths:2 | Reached XP level 23. HP: 146/207 MP: 23/23
 43526 | Depths:2 | Noticed a juggernaut
 44058 | Depths:2 | Found a blossoming altar of Fedhas.
 44213 | Depths:2 | Found a viscous altar of Jiyva.
 44266 | Depths:2 | Found a runed translucent gate.
 44266 | Depths:2 | Found a runed translucent gate.
 44266 | Depths:2 | Found a runed translucent gate.
 44494 | Depths:2 | Found the +10 zealot's sword {holy, Zealotry, *Rage rN+
                  | EV+3}
 44535 | Depths:2 | Killed a juggernaut
 44838 | Depths:3 | Noticed a caustic shrike
 44841 | Depths:3 | Noticed a caustic shrike
 44843 | Depths:3 | Noticed a caustic shrike
 44846 | Depths:3 | Noticed Vv
 44856 | Depths:3 | Killed a caustic shrike
 44865 | Depths:3 | Killed a caustic shrike
 44867 | Depths:3 | Killed a caustic shrike
 44969 | Depths:3 | Killed Vv
 45616 | Depths:3 | Found a one-way gate to the infinite horrors of the Abyss.
 45864 | Depths:4 | Entered Level 4 of the Depths
 45922 | Depths:4 | Noticed a caustic shrike
 45922 | Depths:4 | Noticed a caustic shrike
 45929 | Depths:3 | Killed a caustic shrike
 45953 | Depths:4 | Noticed a caustic shrike
 45994 | Depths:3 | Gained mutation: You have hooves in place of feet. [demonic
                  | ancestry]
 45994 | Depths:3 | Reached XP level 24. HP: 215/219 MP: 23/23
 46467 | Depths:4 | Found a gate to the Realm of Zot.
 47045 | Vaults:5 | Entered Level 5 of the Vaults
 47096 | Vaults:5 | Noticed a dread lich
 47102 | Vaults:5 | Killed a dread lich
 47301 | Vaults:5 | Identified the +0 plate armour of Ixaliwiq {rElec rCorr}
 47316 | Vaults:5 | Got a silver rune of Zot
 47393 | Vaults:5 | Identified the +1 plate armour "Husimub" {Int+3}
 47512 | Vaults:5 | Identified the +5 robe "Hifranoq" {Int+4}
 47518 | Vaults:5 | Noticed an ancient lich
 47533 | Vaults:5 | Killed an ancient lich
 47774 | Vaults:5 | Identified a scroll of acquirement
 47779 | Vaults:5 | Reached XP level 25. HP: 143/231 MP: 19/23
 47844 | Vaults:5 | Acquired 840 gold pieces
 47902 | Vaults:5 | Identified the +11 long sword of the Dozen Coins {freeze,
                  | Fragile rPois rN+ Str+2}
 48044 | Vaults:5 | Identified the +1 leather armour of Luetoe {Drain rN+++
                  | Str-2 SInv}
 48762 | Zot:1    | Entered Level 1 of the Realm of Zot
 49001 | Zot:1    | Noticed an orb of fire
 49016 | Zot:1    | Killed an orb of fire
 49062 | Zot:1    | Reached skill level 5 in Shields
 49147 | Zot:1    | Reached skill level 5 in Armour
 49557 | D:13     | You paid a toll of 15 potions of curing to enter a treasure
                  | trove
 49558 | Trove    | Entered a treasure trove
 49561 | Trove    | Found the +8 frozen axe "Frostbite" {freeze, freezing
                  | cloud, *Noise Fly rC+}
 49562 | Trove    | Identified the +4 battleaxe "Ufeoryog" {drain, *Rage rElec
                  | rCorr Str+3}
 49565 | Trove    | Identified the +6 executioner's axe "Undertaker" {freeze,
                  | Dex+4}
 49567 | Trove    | Identified the +4 hand axe of Discomfort {elec, rF++ rN+
                  | rCorr}
 49568 | Trove    | Identified the +7 war axe of the Queen {heavy, Stlth+}
 49569 | Trove    | Identified the +3 falchion of the Jumping Spider {drain,
                  | Fly Dex+3}
 49573 | Trove    | Identified the +5 scimitar "Rugutopt" {venom, rN+ Str+2}
 50476 | Zot:2    | Found the +2 hat of the Bear Spirit {Spirit, Bear, *Rage
                  | Will++}
 50843 | Zot:3    | Acquired 1072 gold pieces
 51242 | Zot:3    | You are sucked into a shaft and drop 1 floor!
 51357 | Zot:3    | Reached skill level 27 in Fighting
 51588 | Zot:4    | Noticed an orb of fire
 51589 | Zot:4    | Gained mutation: Armour fits poorly on your strangely
                  | shaped body. [an orb of fire]
 51592 | Zot:3    | Lost mutation: You are vulnerable to heat. (rF-) [potion of
                  | mutation]
 51592 | Zot:3    | Lost mutation: Armour fits poorly on your strangely shaped
                  | body. [potion of mutation]
 51592 | Zot:3    | Gained mutation: You have a somewhat thin skeletal
                  | structure. (Dex +2, Stealth+) [potion of mutation]
 51594 | Zot:4    | Gained mutation: You expend magic power (3 MP) to
                  | strengthen your wands. [an orb of fire]
 51604 | Zot:4    | Killed an orb of fire
 51622 | Zot:4    | Found a runed translucent gate.
 51623 | Zot:4    | Found a runed translucent gate.
 51623 | Zot:4    | Noticed Sackuas's ghost (veteran OgBe)
 51624 | Zot:4    | Found a runed translucent gate.
 51624 | Zot:4    | Noticed a Killer Klown
 51624 | Zot:4    | Noticed an orb of fire
 51624 | Zot:4    | Identified the +4 scimitar of Disorder {heavy, rPois Int+2
                  | Stlth-}
 51757 | Zot:4    | Gained mutation: Your melee attacks may debilitate your
                  | foes. [demonic ancestry]
 51757 | Zot:4    | Reached XP level 26. HP: 147/242 MP: 13/23
 51781 | Zot:4    | Identified the ring of Skepticism {Ice SInv}
 51781 | Zot:4    | Noticed Josephina
 51797 | Zot:4    | Killed Josephina
 52161 | Zot:4    | Gained mutation: Your spells are a little easier to cast,
                  | but a little less powerful. [an orb of fire]
 52164 | Zot:4    | Killed Sackuas's ghost
 52168 | Zot:4    | Killed an orb of fire
 52273 | Zot:4    | Identified the +1 helmet of Jocular Freedom {Stlth+}
 52276 | Zot:4    | Identified the +0 leather armour of the Hall of Blades
                  | {rElec Will+}
 52315 | Zot:5    | Entered Level 5 of the Realm of Zot
 52702 | Zot:5    | Noticed a dread lich
 52712 | Zot:5    | Killed a dread lich
 52740 | Zot:5    | Noticed a dread lich
 52782 | Zot:5    | Noticed an orb of fire
 52792 | Zot:5    | Noticed an ancient lich
 52798 | Zot:5    | Noticed a dread lich
 52806 | Zot:5    | Noticed an orb of fire
 52867 | Zot:5    | Killed a dread lich
 52911 | Zot:5    | Noticed a dread lich
 52911 | Zot:5    | Noticed an orb of fire
 52918 | Zot:5    | Killed an orb of fire
 52923 | Zot:5    | Reached skill level 10 in Armour
 52923 | Zot:5    | Reached skill level 10 in Shields
 52989 | Zot:5    | Gained mutation: You are clumsy. (Dex -2) [mutagenic glow]
 52997 | Zot:5    | Killed an orb of fire
 53006 | Zot:5    | Gained mutation: You are very clumsy. (Dex -4) [an orb of
                  | fire]
 53007 | Zot:5    | Gained mutation: Armour fits poorly on your strangely
                  | shaped body. [mutagenic glow]
 53011 | Zot:5    | Killed an orb of fire
 53016 | Zot:5    | Gained mutation: You sometimes lose your temper in combat.
                  | [mutagenic glow]
 53036 | Zot:5    | Gained mutation: You have an uncontrollable temper.
                  | [mutagenic glow]
 53089 | Zot:5    | Killed a dread lich
 54251 | Crypt:1  | Entered Level 1 of the Crypt
 54485 | Crypt:1  | Noticed Xtahua
 54486 | Crypt:1  | Found a runed translucent door.
 54486 | Crypt:1  | Found a shimmering altar of Xom.
 54486 | Crypt:1  | Noticed Zogul's ghost (veteran MiGl)
 54492 | Crypt:1  | Killed Xtahua
 54566 | Crypt:1  | Killed Zogul's ghost
 55124 | Crypt:2  | Noticed Bai Suzhen
 55133 | Crypt:2  | Killed Bai Suzhen
 56072 | Crypt:3  | Entered Level 3 of the Crypt
 56216 | Crypt:3  | Gained mutation: You are surrounded by an aura of silence.
                  | [demonic ancestry]
 56216 | Crypt:3  | Reached XP level 27. HP: 221/249 MP: 22/23
 56459 | Crypt:3  | Noticed a royal mummy
 56472 | Crypt:3  | Noticed Khufu
 56476 | Crypt:3  | Killed a royal mummy
 56477 | Crypt:3  | Noticed a royal mummy
 56482 | Crypt:3  | Killed Khufu
 56483 | Crypt:3  | Noticed a royal mummy
 56493 | Crypt:3  | Killed a royal mummy
 56499 | Crypt:3  | Killed a royal mummy
 56666 | Crypt:3  | Found a runed translucent door.
 56669 | Crypt:3  | Noticed Uroast's ghost (veteran MiGl)
 56823 | Crypt:3  | Found a staircase to the Tomb.
 56973 | Crypt:3  | Found an ancient bone altar of Kikubaaqudgha.
 56981 | Crypt:3  | Found a basalt altar of Yredelemnul.
 57047 | Crypt:3  | Identified the staff of conjuration "Sapseann" {rN+ Int+2
                  | Dex+3}
 57213 | Crypt:3  | Killed Uroast's ghost
 57314 | Crypt:2  | Found a basalt altar of Yredelemnul.
 57573 | Hell     | Entered the Vestibule of Hell
 57573 | Hell     | Noticed Geryon
 57589 | Hell     | Killed Geryon
 58026 | Hell     | Found a gateway to the Iron City of Dis.
 58129 | Hell     | Found a gateway to the freezing wastes of Cocytus.
 58137 | Hell     | Reached skill level 1 in Evocations
 58353 | Hell     | Found a gateway to the decaying netherworld of Tartarus.
 58429 | Hell     | Found a gateway to the ashen valley of Gehenna.
 58486 | Geh:1    | Entered Level 1 of Gehenna
 58495 | Geh:1    | You are sucked into a shaft and drop 1 floor!
 59030 | Geh:3    | Noticed an ancient lich
 59037 | Geh:3    | Killed an ancient lich
 60289 | Pan      | Entered Pandemonium
 60413 | Pan      | Gained mutation: You occasionally shout uncontrollably at
                  | your foes. [a cacodemon]
 60779 | Pan      | Identified the ring of Xaodazuwu {rF++ rC+++ MP-9 Str+6
                  | Int-3}
 60788 | Pan      | Reached skill level 5 in Evocations
 60969 | Pan      | Noticed Haweok the pandemonium lord
 60985 | Pan      | Killed Haweok the pandemonium lord
 61642 | Pan      | Noticed Riuddyg the pandemonium lord
 62028 | Pan      | Found an exit through the horrors of the Abyss.
 62313 | Pan      | Took an exit into the Abyss.
 62313 | Abyss:3  | Escaped into the Abyss
 62356 | Abyss:3  | Found a sacrificial altar of Ru.
 62424 | Abyss:3  | Found a sacrificial altar of Ru.
 62445 | Abyss:3  | Found a sacrificial altar of Ru.
 62445 | Abyss:3  | Found a sacrificial altar of Ru.
 62475 | Abyss:3  | Paralysed by accursed screaming for 1 turns
 62478 | Abyss:3  | Paralysed by accursed screaming for 1 turns
 62562 | Abyss:3  | Found a sacrificial altar of Ru.
 62568 | Abyss:3  | Noticed a dread lich
 62596 | Abyss:3  | Killed a dread lich
 62628 | Abyss:3  | Found a sacrificial altar of Ru.
 62910 | Abyss:3  | Found a sacrificial altar of Ru.
 62954 | Abyss:3  | Gained mutation: You are weak. (Str -2) [a neqoxec]
 63005 | Abyss:3  | Reached skill level 15 in Shields
 63035 | Abyss:3  | Reached skill level 15 in Armour
 63487 | Abyss:3  | Found a corrupted altar of Lugonu.
 63535 | Abyss:3  | Found a corrupted altar of Lugonu.
 63607 | Abyss:3  | Found a corrupted altar of Lugonu.
 63805 | Abyss:3  | Lost mutation: You are weak. (Str -2) [potion of mutation]
 63805 | Abyss:3  | Lost mutation: Armour fits poorly on your strangely shaped
                  | body. [potion of mutation]
 63805 | Abyss:3  | Lost mutation: You expend magic power (3 MP) to strengthen
                  | your wands. [potion of mutation]
 63805 | Abyss:3  | Gained mutation: You are robust. (+10% HP) [potion of
                  | mutation]
 63805 | Abyss:3  | Gained mutation: You passively map a small area around you.
                  | [potion of mutation]
 63902 | Abyss:3  | Found a corrupted altar of Lugonu.
 63907 | Abyss:3  | Found a corrupted altar of Lugonu.
 63907 | Abyss:3  | Found a corrupted altar of Lugonu.
 63961 | Abyss:3  | Lost mutation: You are robust. (+10% HP) [a shining eye]
 64029 | Abyss:3  | Found a corrupted altar of Lugonu.
 64144 | Abyss:3  | Reached skill level 10 in Evocations
 64174 | Abyss:3  | Paralysed by accursed screaming for 2 turns
 64189 | Abyss:3  | Paralysed by accursed screaming for 1 turns
 64201 | Abyss:3  | Paralysed by accursed screaming for 2 turns
 64207 | Abyss:3  | Paralysed by accursed screaming for 2 turns
 64214 | Abyss:3  | Paralysed by accursed screaming for 2 turns
 64282 | Abyss:3  | Got an abyssal rune of Zot
 64308 | Depths:4 | Escaped the Abyss
 64719 | Slime:1  | Entered Level 1 of the Pits of Slime
 64766 | Slime:4  | Gained mutation: Your spells are easier to cast, but less
                  | powerful. [a shining eye]
 64768 | Slime:4  | Lost mutation: Your spells are easier to cast, but less
                  | powerful. [a shining eye]
 64894 | Slime:5  | Entered Level 5 of the Pits of Slime
 65097 | Slime:5  | Gained mutation: You have hidden genetic defects. [a
                  | shining eye]
 65102 | Slime:5  | Found a viscous altar of Jiyva.
 65204 | Slime:5  | Noticed the Royal Jelly
 65216 | Slime:5  | Killed the Royal Jelly
 65244 | Slime:5  | Got the Catalogue of Twisted Hail
 65248 | Slime:5  | Identified the +6 trident of the Big Fish {flame, rPois
                  | Str+3}
 65271 | Slime:5  | Got the Elucidation of Hurtful Air
 65294 | Slime:5  | Identified the staff of air "Iruq" {rElec rN++ rCorr Str-4}
 65316 | Slime:5  | Got a slimy rune of Zot
 65681 | Slime:3  | Lost mutation: You have an uncontrollable temper. [a
                  | shining eye]
 65689 | Slime:3  | Gained mutation: You have an uncontrollable temper. [a
                  | shining eye]
 65698 | Slime:3  | Lost mutation: You have hidden genetic defects. [potion of
                  | mutation]
 65698 | Slime:3  | Lost mutation: You passively map a small area around you.
                  | [potion of mutation]
 65698 | Slime:3  | Lost mutation: You are very clumsy. (Dex -4) [potion of
                  | mutation]
 65698 | Slime:3  | Gained mutation: Your magical capacity is low. (-10% MP)
                  | [potion of mutation]
 65698 | Slime:3  | Gained mutation: You have hidden genetic potential. [potion
                  | of mutation]
 65698 | Slime:3  | Lost mutation: Your magical capacity is low. (-10% MP)
                  | [potion of mutation]
 66483 | Geh:3    | Noticed an ancient lich
 66501 | Geh:3    | Killed an ancient lich
 68278 | Geh:7    | Entered Level 7 of Gehenna
 69315 | Geh:7    | Identified the staff of air "Moth" {rElec rC- Will+++ rCorr
                  | SInv}
 69325 | Geh:7    | Identified the staff of poison "Gapaxax" {rPois Str+5}
 69404 | Geh:7    | Found the +13 sceptre of Asmodeus
 69404 | Geh:7    | Noticed Asmodeus
 69431 | Geh:7    | Killed Asmodeus
 69460 | Geh:7    | Got an obsidian rune of Zot
 70385 | Tar:1    | Entered Level 1 of Tartarus
 70868 | Tar:2    | Gained mutation: You have a pair of small antennae on your
                  | head. [hidden potential]
 71307 | Tar:3    | You are sucked into a shaft and drop 1 floor!
 71346 | Tar:4    | HP: 4/492 [reaper/+5 heavy scythe[a doom hound] (26)]
 72117 | Tar:7    | Entered Level 7 of Tartarus
 72902 | Tar:7    | Reached skill level 15 in Evocations
 73076 | Tar:7    | Reached skill level 27 in Dodging
 73750 | Tar:7    | Gained mutation: You passively dampen the noise of your
                  | surroundings. [hidden potential]
 73750 | Tar:7    | Lost mutation: You have hidden genetic potential. [hidden
                  | potential expressed]
 75130 | Tar:7    | Noticed Ereshkigal
 75158 | Tar:7    | Paralysed by Ereshkigal for 4 turns
 75168 | Tar:7    | Paralysed by Ereshkigal for 4 turns
 75179 | Tar:7    | Paralysed by Ereshkigal for 3 turns
 75181 | Tar:7    | HP: 6/187 [Tzitzimitl[Ereshkigal] (12)]
 75181 | Tar:7    | HP: 1/177 [Tzitzimitl[Ereshkigal] (5)]
 75181 | Tar:7    | Mangled by a profane servitor

Illustrated notes

Levels and vault maps discovered:
D:1:      dpeg_arrival_triangle_fractal, layout_basic
D:2:      layout_basic, minmay_pentomino_r2, uniq_sigmund, uniq_natasha
D:3:      layout_basic
D:4:      layout_cave_pods, nicolae_overflow_quartered_altars,
          nicolae_grassy_gnolls, uniq_robin
D:5:      layout_loops_ring, st_stairs_7
D:6:      layout_basic, doesnt_xom_only_xom, minmay_misc_feat_plants,
          uniq_grinder, uniq_crazy_yiuf_cottage
D:7:      layout_basic, pdpol_wu_jian_five_deadly_venoms,
          minmay_temple_entry_trees, serial_shops, shop, kennysheep_flooded_box,
          hellmonk_guarded_unrand_vitality_bloodlust, uniq_joseph,
          uniq_prince_ribbit1
D:8:      layout_cave_pools, serial_shops, nicolae_shop_crystal, uniq_pikel,
          uniq_maggie, uniq_amaemon
D:9:      layout_basic, minivault_13
D:10:     layout_basic, serial_shops, nicolae_square_shop,
          nicolae_underground_beach
D:11:     layout_gridville, erik_lair_orcish_takeover
D:12:     layout_basic, erik_orc_3, serial_shops, shop, uniq_jorgrun
D:13:     layout_stronghold, david_vaults_5, gauntlet_entry_generic,
          enter_trove_3, uniq_rupert
D:14:     minmay_distorted_concentric_squares, layout_loops_ring,
          nicolae_twisting_strands, portal_ice_cave_entry_pillars_four,
          st_stairs_2, uniq_roxanne
D:15:     grunt_enter_depths_giant_problem, layout_cave_pools,
          nicolae_water_bricks, hangedman_decor_points, minivault_5,
          grunt_qazlal_sundering
Temple:   nicolae_temple_superstar
Lair:1:   layout_long_grid, serial_forest, infiniplex_forest_lined_room_2,
          infiniplex_forest_lined_corner, infiniplex_forest_lined_room_3,
          infiniplex_forest_end_2, infiniplex_forest_3_way
Lair:2:   layout_roguey, nicolae_spider_entry_non_spiders, serial_forest,
          infiniplex_forest_clump_curved, infiniplex_forest_clump_small,
          infiniplex_forest_end_double, infiniplex_forest_clump_cross,
          infiniplex_forest_side_room, infiniplex_forest_clump_cross,
          infiniplex_forest_clump_long, lemuel_old_faithful,
          infiniplex_staircase_pool
Lair:3:   layout_chaotic_city, palyth_hydra_swamp_entry, uniq_gastronok
Lair:4:   layout_regular_city, dpeg_slime_entry_enclosed, grunt_megastairs_5,
          uniq_kirke, uniq_urug
Lair:5:   due_jungle_book, layout_regular_city, columned_hall_lemuel,
          serial_bayou_crossing
Swamp:1:  layout_basic_swamp, nicolae_swamp_round_clearing, swamp_pool1
Swamp:2:  nzn_winding_woodlands_medium [nzn_winding_woodlands_hourglass,
          nzn_winding_woodlands_5x15_eye, nzn_winding_woodlands_5x5_three,
          nzn_winding_woodlands_5x5_checkerboard,
          nzn_winding_woodlands_center_pierced_h,
          nzn_winding_woodlands_5x5_closed_star,
          nzn_winding_woodlands_5x5_perimeter,
          nzn_winding_woodlands_5x15_concentric,
          nzn_winding_woodlands_5x5_cross], layout_falls_marsh,
          nicolae_swamp_decorative_isthmus, nicolae_swamp_small_spring
Swamp:3:  cheibrodos_swamp_mausoleum, layout_basic_swamp, serial_swamp_ruin,
          evilmike_swamp_ruin_house_4, evilmike_swamp_ruin_house_2,
          evilmike_swamp_ruin_rubble_2, swamp_pool1
Swamp:4:  grunt_swamp_rune_castle, layout_basic_swamp,
          ebering_ghost_inner_flame, uniq_louise
Spider:1: layout_spider_delve, hangedman_spider_tarantella_strand
Spider:2: layout_spider_delve, nicolae_spider_altar_of_dancing,
          nicolae_spider_cling_halls, uniq_arachne
Spider:3: layout_spider_delve
Spider:4: grunt_spider_rune_circles
Slime:1:  layout_caves
Slime:2:  layout_caves, basic_altar
Slime:3:  layout_caves
Slime:4:  layout_caves
Slime:5
Orc:1:    layout_caves, serial_shops, shop, basic_altar, minmay_orc_temple_c,
          uniq_harold
Orc:2:    pf_orc_diabolical, layout_diamond_mine
Elf:1:    nicolae_elf_arrival_no_cutting_in_line, layout_gridlike, serial_shops,
          nicolae_shop_advertising_works [nicolae_subvault_shop_adworks],
          minmay_elf_demonology, uniq_aizul
Elf:2:    elven_hall_of_blades_hangedman_alternative
          [nicolae_blade_little_rooms], layout_loops_cross,
          hangedman_elven_ridges, uniq_zenata, uniq_asterion, uniq_azrael
Elf:3:    elf_hall_gauntlet_narrow, layout_geoelf_octagon
Vaults:1: hangedman_vaults_capsules, nicolae_vaults_triangles, v_alt_pattern_5,
          v_pattern_4, grunt_vaults_funneled_arena, v_alt_pattern_4,
          grunt_vaults_twisty, vaults_room_semicircle, v_misc_27,
          ontoclasm_vaults_shuriken, layout_vaults_maze_snakey, serial_shops,
          nicolae_shop_waterfront
Vaults:2: portal_desolation_entry_salt, minmay_crypt_entry_skeletal_spiral,
          vaults_standard_mumra_x, nicolae_vaults_rhombus_5, vaults_mumra_hex,
          v_misc_1, vaults_dpeg_encased_lava,
          nicolae_vaults_stairing_the_circle, nicolae_vaults_alarming,
          vaults_room_ringed_pool, v_pattern_3, vaults_room_pools,
          vaults_room_stairs_pillars, layout_vaults_omnicross, serial_shops,
          shop
Vaults:3: v_rooms_6, v_alt_pattern_2, ontoclasm_vaults_misaligned, v_misc_18,
          layout_vaults_chaotic_city
Vaults:4: vaults_dpeg_spiral, serial_ice_m, v_alt_pattern_1,
          ontoclasm_vaults_tryst, nicolae_vaults_little_squares_6, v_misc_2,
          layout_vaults_ring, serial_shops, shop
Vaults:5: serial_shops
Crypt:1:  layout_chaotic_city, ebering_ghost_xom,
          amcnicky_mini_corridor_feature, serial_sigils_hangedman_leer,
          uniq_xtahua
Crypt:2:  layout_regular_city, lemuel_upstairs_altar, uniq_bai_suzhen
Crypt:3:  lightli_unholy_cathedral, layout_chaotic_city,
          ebering_ghost_reflecting_pool, uniq_khufu
Depths:1: layout_cave_shapes, enter_ziggurat_b, pf_hell_entry_tar_river,
          wad_floor_pattern_untrapped, mu_enter_wizlab_3, minislime_mu,
          uniq_saint_roka, uniq_enchantress
Depths:2: kennysheep_treasure_stockpile, layout_basic, fedhas_altar_4,
          hell_entry, special_room [special_room_jelly], grunt_pan_entry_spiral
Depths:3: nicolae_fronds_of_death, layout_honeycomb, hell_entry,
          abyss_entry_small_statue_room, roderic_three_in_a_row,
          nicolae_tso_carved_into_rock, uniq_vv
Depths:4: evilmike_zot_entry_diamond, layout_cave_pools, rand_demon_pan_entry_5,
          hell_entry, hangedman_decor_growths
Hell
Geh:1:    layout_gehenna_lava_caves
Geh:2:    layout_gehenna_lava_caves
Geh:3:    layout_gehenna_lava_caves, nicolae_hells_hurtin_island
Geh:4:    layout_gehenna_lava_caves
Geh:5:    layout_gehenna_pools_basic, evilmike_ambush
          [evilmike_ambush_outer_pillars, evilmike_ambush_inner_pond]
Geh:6:    nicolae_hells_giants_party, layout_gehenna_lava_caves
Geh:7:    geh_old
Tar:1:    layout_grid_maze
Tar:2:    layout_catacombs
Tar:3:    layout_catacombs, nicolae_tar_honey_rotating
Tar:4:    layout_cathedral_of_symmetry
Tar:5:    layout_grid_maze
Tar:6:    layout_grid_maze
Tar:7:    tar_minmay_river
Zot:1:    kennysheep_bubbly, layout_twisted_circle
Zot:2:    layout_onion_interference, hangedman_zot_decor_scrapings,
          skrybe_zot_glass_3
Zot:3:    layout_onion, grunt_megastairs_1
Zot:4:    layout_misc_corridors, gammafunk_ghost_tricky_traps, uniq_josephina
Zot:5:    layout_concentric_octagons, grunt_ministairs_14

Skill      XL: |  1  2  3  4  5  6  7  8  9 10 11 12 13 14 15 16 17 18 19 20 21 22 23 24 25 26 27 |
---------------+----------------------------------------------------------------------------------+-----
Axes           | 2 3 4 5 7 9 11 12 14 16 18 19 20 21 22 23 24 26 27 | 27.0
Fighting       | 4 5 6 7 8 10 11 13 14 15 16 17 18 19 20 21 23 24 26 27 | 27.0
Dodging        | 2 5 8 9 11 12 13 14 15 17 19 21 22 23 27 | 27.0
Armour         | 3 8 11 19 | 19.2
Shields        | 3 8 11 19 | 19.2
Evocations     | 16 | 16.1

Action                     |  1- 3 |  4- 6 |  7- 9 | 10-12 | 13-15 | 16-18 | 19-21 | 22-24 | 25-27 || total
---------------------------+-------+-------+-------+-------+-------+-------+-------+-------+-------++-------
  Melee: War axe           |    71 |   143 |   301 |    25 |       |       |       |       |       ||   540
         Kick              |     4 |    25 |       |    31 |       |       |       |   114 |  1734 ||  1908
         Broad axe         |       |       |       |   600 |  1016 |  1291 |  1701 |  1206 |    46 ||  5860
         Lochaber axe      |       |       |       |       |       |       |       |       |   271 ||   271
         Executioner's axe |       |       |       |       |       |       |       |       |  3357 ||  3357
 Invoke: Call Merchant     |       |       |       |     1 |     1 |     1 |     2 |       |       ||     5
         Potion Petition   |       |       |       |       |     2 |     5 |     9 |    17 |    32 ||    65
         Bribe Branch      |       |       |       |       |       |       |       |       |     2 ||     2
  Evoke: Wand              |       |       |     1 |     5 |    23 |     3 |     1 |     4 |     2 ||    39
         Phantom mirror    |       |       |       |       |     2 |     1 |       |       |     4 ||     7
         Condenser vane    |       |       |       |       |     2 |     1 |       |     1 |     3 ||     7
         Phial of floods   |       |       |       |       |     1 |     1 |     1 |       |     2 ||     5
         Box of beasts     |       |       |       |       |       |       |       |       |     2 ||     2
         Horn of Geryon    |       |       |       |       |       |       |       |       |     1 ||     1
         Lightning rod     |       |       |       |       |       |       |       |       |     1 ||     1
    Use: Scroll            |     5 |     2 |     6 |    14 |    11 |    23 |     7 |     7 |     5 ||    80
         Potion            |       |     2 |       |     3 |    10 |       |       |     1 |    10 ||    26
   Stab: Distracted        |       |       |     1 |     2 |     5 |    21 |    23 |    19 |    79 ||   150
         Paralysed         |       |       |       |     4 |    18 |       |       |     1 |       ||    23
         Confused          |       |       |       |       |     5 |     7 |       |       |     1 ||    13
         Petrified         |       |       |       |       |     1 |       |       |       |       ||     1
         Invisible         |       |       |       |       |       |       |     8 |     2 |     6 ||    16
 Armour: Chain mail        |    44 |   119 |   285 |   475 |   829 |   850 |   560 |   590 |   698 ||  4450
         Scale mail        |     1 |       |       |       |       |       |       |       |       ||     1
         Skin              |       |       |       |       |       |       |       |    18 |   206 ||   224
         Plate armour      |       |       |       |       |       |       |       |       |   310 ||   310
  Dodge: Dodged            |    29 |    54 |   102 |   166 |   388 |   862 |   817 |  1016 |  4028 ||  7462
  Block: Buckler           |    20 |    35 |    80 |   162 |    38 |       |       |       |       ||   335
         Kite shield       |       |       |       |       |   571 |   693 |       |       |       ||  1264
         Tower shield      |       |       |       |       |       |   339 |  1717 |  1593 |    51 ||  3700

Table legend: (Time is in decaauts)
 A = Elapsed time spent in this place.
 B = Non-inter-level travel time spent in this place.
 C = Inter-level travel time spent in this place.
 D = Time resting spent in this place.
 E = Time spent auto-exploring this place.
 F = Levels seen in this place.
 G = Mean time per level.
                   A        B        C        D        E       F      G
               +--------+--------+--------+--------+--------+-----+--------+
         Total |  76324 |  69142 |   7182 |   7995 |  40199 |  81 |  942.3 |
       Dungeon |  15720 |  13703 |   2017 |   1546 |   8968 |  15 | 1048.0 |
        Temple |    154 |    143 |     11 |      0 |     78 |   1 |  154.0 |
          Lair |   5488 |   4672 |    816 |    213 |   3303 |   5 | 1097.6 |
         Swamp |   5523 |   5205 |    318 |   1089 |   2510 |   4 | 1380.8 |
   Spider Nest |   3313 |   3116 |    197 |    208 |   2013 |   4 |  828.2 |
    Slime Pits |   1060 |   1044 |     16 |    104 |    513 |   5 |  212.0 |
  Orcish Mines |   1831 |   1471 |    360 |      0 |   1084 |   2 |  915.5 |
   Elven Halls |   4101 |   3613 |    488 |    424 |   2246 |   3 | 1367.0 |
        Vaults |   7193 |   6237 |    956 |     24 |   3928 |   5 | 1438.6 |
         Crypt |   3112 |   2944 |    168 |    195 |   2049 |   3 | 1037.3 |
        Depths |   5886 |   4751 |   1135 |    133 |   3182 |   4 | 1471.5 |
          Hell |   2032 |   1916 |    116 |   1094 |    364 |   1 | 2032.0 |
       Gehenna |   4075 |   3826 |    249 |    684 |   1686 |   7 |  582.1 |
      Tartarus |   4800 |   4752 |     48 |   1042 |   2406 |   7 |  685.7 |
           Zot |   4354 |   4074 |    280 |    120 |   2970 |   5 |  870.8 |
         Abyss |   2498 |   2498 |      0 |    352 |    516 |   2 | 1249.0 |
   Pandemonium |   1985 |   1985 |      0 |    216 |   1171 |   3 |  661.7 |
         Trove |     39 |     39 |      0 |      0 |      3 |   1 |   39.0 |
      Ice Cave |    805 |    805 |      0 |    547 |     70 |   1 |  805.0 |
        Wizlab |    651 |    651 |      0 |      0 |    311 |   1 |  651.0 |
    Desolation |    953 |    953 |      0 |      0 |    516 |   1 |  953.0 |
      Gauntlet |    742 |    742 |      0 |      0 |    308 |   1 |  742.0 |
               +--------+--------+--------+--------+--------+-----+--------+

Top non-repeatable levels by time:
   Tar:7: 3062 daAuts
 Abyss:3: 2498 daAuts
    Hell: 2032 daAuts
 Swamp:3: 1986 daAuts
Depths:2: 1751 daAuts
Vaults:1: 1720 daAuts
    D:13: 1666 daAuts
Depths:3: 1660 daAuts
   Elf:2: 1648 daAuts
Vaults:2: 1646 daAuts
     D:5: 1578 daAuts
  Lair:5: 1542 daAuts
Depths:1: 1523 daAuts
Vaults:5: 1498 daAuts
   Geh:7: 1496 daAuts
